 Dungeon Crawl Stone Soup version 0.22.1-1-ga44c0e5 (webtiles) character file.

1842 jerryfan the Geomancer (level 9, -12/45 HPs)
             Began as a Gargoyle Earth Elementalist on Oct 5, 2018.
             Was an Initiate of Vehumet.
             Blown up by Joseph (19 damage)
             ... with a wand of disintegration (10)
             ... on level 7 of the Dungeon on Oct 6, 2018.
             The game lasted 00:40:09 (8200 turns).

jerryfan the Geomancer (GrEE)                       Turns: 8200, Time: 00:40:10

Health: -12/45     AC: 18    Str: 13    XL:     9   Next: 12%
Magic:  3/18       EV: 12    Int: 24    God:    Vehumet [......]
Gold:   192        SH:  0    Dex: 11    Spells: 4/20 levels left

rFire    . . .     SeeInvis .   i - +0 mace
rCold    . . .     Gourm    .   (no shield)
rNeg     + . .     Faith    .   A - +0 robe of the Kettle-Drum {Int+6 Dex-4 Slay+2} (curse)
rPois    ∞         Spirit   .   k - +0 helmet
rElec    +         Reflect  .   l - +0 cloak
rCorr    .         Harm     .   B - +0 pair of gloves
MR       .....                  r - +0 pair of boots
Stlth    +.........             (no amulet)
HPRegen  0.15/turn              q - +6 ring of protection
MPRegen  0.16/turn              m - +5 ring of dexterity

@: very slow
A: mutation resistance 1, negative energy resistance 1, electricity resistance,
unbreathing, petrification resistance, rot immunity, AC +6
a: Renounce Religion


You were on level 7 of the Dungeon.
You worshipped Vehumet.
Vehumet was noncommittal.
You were not hungry.

You visited 2 branches of the dungeon, and saw 8 of its levels.

You collected 434 gold pieces.
You spent 242 gold pieces at shops.

Inventory:

Hand Weapons
 a - a -1 whip
 i - a +0 mace (weapon)
 p - a +2 dagger of speed
Missiles
 b - 194 stones (quivered)
Armour
 c - a +1 robe
 k - a +0 helmet (worn)
 l - a +0 cloak (worn)
 r - a +0 pair of boots (worn)
 s - a +1 robe of fire resistance
 v - a +2 robe of magic resistance
 A - the cursed +0 robe of the Kettle-Drum (worn) {Int+6 Dex-4 Slay+2}
   (You bought it in a shop on level 4 of the Dungeon)

   It affects your intelligence (+6).
   It affects your dexterity (-4).
   It affects your accuracy and damage with ranged weapons and melee attacks
   (+2).
   It has a curse placed upon it.
 B - a +0 pair of gloves (worn)
Magical Staves
 E - an uncursed staff of poison
Jewellery
 g - a +4 ring of dexterity
 m - a +5 ring of dexterity (right hand)
 q - a +6 ring of protection (left hand)
Wands
 e - a wand of polymorph (12)
 f - a wand of random effects (25)
 o - a wand of acid (7)
 t - a wand of paralysis (13)
 F - a wand of digging (8)
Scrolls
 h - 3 scrolls of remove curse
 j - 5 scrolls of teleportation
 y - 5 scrolls of identify
 z - a scroll of enchant armour
Potions
 n - 5 potions of mutation
 u - 2 potions of lignification
 w - a potion of haste
 x - 2 potions of flight
 C - a potion of curing
 D - a potion of might
Comestibles
 d - 9 rations


   Skills:
 - Level 1.5 Dodging
 - Level 2.1 Stealth
 + Level 6.3 Spellcasting
 + Level 6.8 Conjurations
 - Level 0.7 Transmutations
 + Level 9.1 Earth Magic


You had 4 spell levels left.
You knew the following spells:

 Your Spells              Type           Power        Failure   Level  Hunger
a - Sandblast             Erth           ######       1%          1    None
b - Stone Arrow           Conj/Erth      #####.       1%          3    None
c - Lee's Rapid Deconstr  Erth           ######....   4%          5    #####..
d - Throw Frost           Conj/Ice       ###...       2%          2    None
e - Petrify               Tmut/Erth      ####....     10%         4    ###....
f - Freeze                Ice            #...         8%          1    None

Your spell library contained the following spells:

 Spells                   Type           Power        Failure   Level  Hunger
 Passwall                 Tmut/Erth      ####....     1%          2    None
 Throw Icicle             Conj/Ice       ###.....     19%         4    ###....
 Ozocubu's Armour         Chrm/Ice       #.......     22%         3    None
 Summon Ice Beast         Ice/Summ       #.......     58%         4    ###....


Dungeon Overview and Level Annotations

Branches:
Dungeon (7/15)             Temple (1/1) D:7

Altars:
Ashenzari
Cheibriados
Elyvilon
Fedhas
Gozag
Hepliaklqana
Kikubaaqudgha
Makhleb
Nemelex Xobeh
Okawaru
Ru
Sif Muna
Trog
Vehumet
Wu Jian
Xom
Yredelemnul
Zin
The Shining One

Shops:
D:4 %[=[

Annotations:
D:1 exclusion: downstairs
D:7 Joseph


Innate Abilities, Weirdness & Mutations

You are resistant to torment.
Your stone body is resilient. (AC +6)
You are immune to poison.
You resist negative energy. (rN+)
You are resistant to electric shocks. (rElec)
You can survive without breathing.
You are immune to petrification.
You are immune to rotting.
You are somewhat resistant to further mutation.


Message History

The helpless Joseph fails to defend himself.
You hit Joseph.
Joseph is moderately wounded.
Joseph is no longer petrified.
Joseph shoots a sling bullet.
The sling bullet hits you but does no damage.
You see here a sling bullet.
Joseph shoots a sling bullet.
The sling bullet hits you! The sling bullet burns you.
You see here a sling bullet.
Okay, then.
You enter the shallow water.
Moving in this stuff is going to be slow.
Joseph shoots a sling bullet.
The sling bullet hits you.
* * * LOW HITPOINT WARNING * * *
The sling bullet burns you.
* * * LOW HITPOINT WARNING * * *
You hear a splash.
You see here a sling bullet.
Joseph zaps a wand.
You are blasted!
You die...

#....@###.#..#.##<#
##......(....#....#
##.#####(#.####..#
..###.#####.#.####..#
.....(......#...$...#
.###+..#@.#######.##
##..§§§..# #.#
##..≈§§§≈.# ####.#
##..≈@§§§§§# ##.##.#
#..<§§§§§§§###...#.###
+...§§§§§≈§...........
#....≈≈§§≈..##...#.###
##....§§§..####.##.#
##.....#### #....#
##...## #....# ##+##
......# ......#


You could see Joseph.

Vanquished Creatures
  Grinder (D:5)
  Prince Ribbit (D:5)
  Sigmund (D:2)
  Eustachio (D:5)
  Menkaure (D:6)
  A water moccasin (D:6)
  A black bear (D:6)
  A scorpion (D:5)
  2 crimson imps
  A bullfrog zombie (D:5)
  Crazy Yiuf (D:2)
  A hound (D:5)
  An orc priest (D:5)
  4 orc wizards
  Natasha (twice) (D:2)
  Ijyb (D:5)
  Terence (D:1)
  An iguana (D:6)
  4 worker ants
  A hound zombie (D:5)
  A hound skeleton (D:5)
  Robin (D:3)
  9 adders
  A shadow imp (D:5)
  2 oozes (D:3)
  An adder skeleton (D:5)
  2 worms (D:1)
  3 dart slugs (D:2)
  5 leopard geckos
  12 orcs
  2 ball pythons
  4 bats
  2 giant cockroaches
  18 goblins
  13 hobgoblins
  18 jackals
  7 kobolds
  2 quokkas
  5 frilled lizards
  A jackal skeleton (D:5)
  2 leopard gecko skeletons
  3 rats
142 creatures vanquished.

Notes
Turn   | Place    | Note
-------+----------+-------------------------------------------
     0 | D:1      | jerryfan the Gargoyle Earth Elementalist began the quest
                  | for the Orb.
     0 | D:1      | Reached XP level 1. HP: 10/10 MP: 3/3
    91 | D:1      | Reached skill level 4 in Earth Magic
   152 | D:1      | Reached XP level 2. HP: 15/15 MP: 3/5
   400 | D:1      | Reached XP level 3. HP: 19/19 MP: 0/6
   937 | D:2      | Learned a level 3 spell: Stone Arrow
  1631 | D:2      | Reached skill level 5 in Earth Magic
  1670 | D:2      | Reached XP level 4. HP: 17/24 MP: 0/8
  1753 | D:2      | Noticed Sigmund
  1846 | D:2      | Found a runed door.
  1891 | D:2      | Reached skill level 1 in Conjurations
  1976 | D:2      | Noticed Terence
  2161 | D:1      | Killed Terence
  2336 | D:2      | Reached XP level 5. HP: 28/28 MP: 9/9
  2375 | D:2      | Noticed Natasha
  2515 | D:2      | Gained mutation: You are weak. (Str -2) [potion of
                  | mutation]
  2515 | D:2      | Gained mutation: Your spells are a little harder to cast,
                  | but a little more powerful. [potion of mutation]
  2519 | D:2      | Noticed Crazy Yiuf
  2521 | D:2      | Killed Crazy Yiuf
  3026 | D:3      | Lost mutation: You are weak. (Str -2) [potion of mutation]
  3026 | D:3      | Lost mutation: Your spells are a little harder to cast, but
                  | a little more powerful. [potion of mutation]
  3026 | D:3      | Gained mutation: You are somewhat resistant to further
                  | mutation. [potion of mutation]
  3059 | D:3      | Noticed Robin
  3077 | D:3      | Killed Robin
  3083 | D:3      | Reached XP level 6. HP: 25/32 MP: 0/11
  3753 | D:4      | Found Vuck's Armour Emporium.
  3776 | D:4      | Learned a level 5 spell: Lee's Rapid Deconstruction
  3795 | D:4      | Reached skill level 6 in Earth Magic
  3899 | D:4      | Found Faeluukh's Armour Shop.
  4175 | D:4      | Found Nawup's Jewellery Shoppe.
  4233 | D:4      | Found Tiuf's Food Boutique.
  4457 | D:5      | Entered Level 5 of the Dungeon
  4573 | D:5      | Reached XP level 7. HP: 25/36 MP: 4/13
  5083 | D:5      | Noticed Grinder
  5143 | D:5      | Killed Grinder
  5143 | D:5      | Reached skill level 7 in Earth Magic
  5284 | D:5      | Noticed Prince Ribbit
  5318 | D:5      | Learned a level 2 spell: Throw Frost
  5323 | D:5      | Learned a level 4 spell: Petrify
  5421 | D:5      | Noticed Eustachio
  5441 | D:5      | Killed Eustachio
  5441 | D:5      | Reached skill level 5 in Spellcasting
  5441 | D:5      | Reached skill level 5 in Conjurations
  5441 | D:5      | Reached XP level 8. HP: 33/41 MP: 0/15
  5638 | D:5      | Learned a level 1 spell: Freeze
  6044 | D:5      | Found a sacrificial altar of Ru.
  6057 | D:5      | Noticed Ijyb
  6073 | D:5      | Killed Ijyb
  6165 | D:5      | Found a snail-covered altar of Cheibriados.
  6168 | D:5      | Found a shimmering altar of Xom.
  6169 | D:5      | Found a bloodstained altar of Trog.
  6170 | D:5      | Found a burning altar of Makhleb.
  6172 | D:5      | Found a blossoming altar of Fedhas.
  6230 | D:5      | Killed Prince Ribbit
  6230 | D:5      | Reached skill level 8 in Earth Magic
  6895 | D:2      | Killed Sigmund
  6909 | D:2      | Killed Natasha
  6959 | D:2      | Noticed Natasha
  6974 | D:2      | Killed Natasha
  7059 | D:4      | Bought the cursed +0 robe of the Kettle-Drum {Int+6 Dex-4
                  | Slay+2} for 242 gold pieces
  7546 | D:6      | Found an iron altar of Okawaru.
  7549 | D:6      | Noticed Menkaure
  7550 | D:6      | Killed Menkaure
  7550 | D:6      | Reached skill level 9 in Earth Magic
  7550 | D:6      | Reached XP level 9. HP: 45/45 MP: 14/18
  7952 | D:7      | Found a staircase to the Ecumenical Temple.
  7958 | Temple   | Entered the Ecumenical Temple
  8105 | Temple   | Became a worshipper of Vehumet
  8170 | D:7      | Noticed Joseph
  8200 | D:7      | Blown up by Joseph

Skill      XL: |  1  2  3  4  5  6  7  8 |
---------------+-------------------------+-----
Earth Magic    | 4 5 6 7 9 |  9.1
Conjurations   | 1 2 3 5 6 |  6.8
Spellcasting   | 3 4 5 6 |  6.3
Dodging        | |  1.5
Stealth        | |  2.1
Transmutations | |  0.7

Action                   |  1- 3 |  4- 6 |  7- 9 || total
-------------------------+-------+-------+-------++-------
Melee: Unarmed           |    24 |    29 |     8 ||    61
       Whip              |     6 |       |       ||     6
       Mace              |       |   198 |   240 ||   438
 Cast: Sandblast         |    53 |    38 |    10 ||   101
       Stone Arrow       |     6 |    18 |    12 ||    36
       Throw Frost       |       |       |    17 ||    17
       Lee's Rapid Decon |       |       |    10 ||    10
       Petrify           |       |       |    15 ||    15
       Freeze            |       |       |     4 ||     4
Evoke: Wand              |       |       |     3 ||     3
  Use: Scroll            |     5 |     3 |     7 ||    15
       Potion            |       |     7 |     4 ||    11
 Stab: Sleeping          |       |     7 |       ||     7
       Petrified         |       |       |    62 ||    62
       Confused          |       |       |     1 ||     1
  Eat: Chunk             |     3 |    12 |    10 ||    25
       Ration            |       |       |     3 ||     3
Armor: Robe              |    18 |   166 |   121 ||   305
       Skin              |       |       |     3 ||     3
Dodge: Dodged            |    44 |   220 |   125 ||   389
